 Dungeon Crawl Stone Soup version 0.28.0-53-g5a82cb258f (webtiles) character file.

Game seed: 14418607262814083442

12443 cbfl8 the Cleaver (level 11, -2/100 HPs)
             Began as a Minotaur Berserker on July 26, 2022.
             Was an Elder of Trog.
             Killed from afar by an electric eel (7 damage)
             ... with a bolt of electricity
             ... on level 12 of the Dungeon.
             The game lasted 00:14:48 (13243 turns).

cbfl8 the Cleaver (Minotaur Berserker)             Turns: 13243, Time: 00:14:49

Health: -2/100     AC: 15    Str: 21    XL:     11   Next: 62%
Magic:  10/10      EV:  9    Int:  4    God:    Trog [****..]
Gold:   644        SH:  0    Dex: 15    Spells: 10/10 levels left

rFire   + . .      SeeInvis +   q - +1 demon trident (drain)
rCold   x . .      Faith    .   (no shield)
rNeg    + . .      Spirit   .   P - +0 plate armour
rPois   .          Reflect  .   K - +1 hat of Foolhardiness {Harm rC- rN+}
rElec   .          Harm     +   (no cloak)
rCorr   .          Rampage  .   (no gloves)
Will    .....                   (no boots)
Stlth   ..........              j - amulet of the acrobat
HPRegen 0.26/turn               h - ring of protection from fire
MPRegen 0.12/turn               y - ring of see invisible

@: weak-willed, engulfed (cannot breathe), on berserk cooldown, slowed, very
slow
A: horns 2, retaliatory headbutt
a: Renounce Religion, Berserk, Trog's Hand, Brothers in Arms


You were on level 12 of the Dungeon.
You worshipped Trog.
Trog was greatly pleased with you.
You visited 1 branch of the dungeon, and saw 12 of its levels.

You collected 719 gold pieces.
You spent 75 gold pieces at shops.

Inventory:

Hand Weapons
 q - a +1 demon trident of draining (weapon)
 t - a +0 battleaxe
 F - a +0 war axe
Armour
 c - a +0 chain mail
 J - a +2 hat
 K - the +1 hat of Foolhardiness (worn) {Harm rC- rN+}
   (You found it on level 9 of the Dungeon)

   rC:        It makes you vulnerable to cold.
   rN:        It protects you from negative energy.
   Harm:      It increases damage dealt and taken.
 P - a +0 plate armour (worn)
Jewellery
 h - a ring of protection from fire (left hand)
 j - an amulet of the acrobat (around neck)
 l - a ring of protection from cold
 y - a ring of see invisible (right hand)
 L - a ring of protection from cold
 O - a ring of fire
Wands
 a - a wand of mindburst (22) (quivered)
 d - a wand of digging (11)
 w - a wand of flame (45)
 I - a wand of charming (9)
Scrolls
 e - 2 scrolls of enchant weapon
 f - 3 scrolls of enchant armour {unknown}
 g - 6 scrolls of identify {unknown}
 k - 2 scrolls of blinking {unknown}
 m - a scroll of brand weapon {unknown}
 n - 2 scrolls of vulnerability
 p - a scroll of magic mapping {unknown}
 r - 5 scrolls of teleportation
 v - a scroll of acquirement {unknown}
 z - a scroll of noise {unknown}
 B - a scroll of immolation {unknown}
 C - a scroll of summoning {unknown}
Potions
 b - a potion of might {unknown}
 i - 2 potions of resistance {unknown}
 o - 3 potions of curing
 s - 2 potions of cancellation {unknown}
 u - 2 potions of attraction {unknown}
 x - 2 potions of mutation {unknown}
 A - 3 potions of brilliance {unknown}
 D - 3 potions of lignification {unknown}
 E - 3 potions of flight {unknown}
 G - 3 potions of haste {unknown}
 H - a potion of invisibility {unknown}
 M - a potion of berserk rage {unknown}


   Skills:
 * Level 10.2 Fighting
 + Level 10.2(11.2) Axes
 + Level 7.3(9.8) Polearms
 + Level 9.1 Armour
 * Level 7.8 Dodging
 * Level 6.1 Stealth
 * Level 5.8 Evocations


You had 10 spell levels left.
You didn't know any spells.
Your spell library was empty.

Dungeon Overview and Level Annotations

Branches:
Dungeon (12/15)            Temple (0/1) D:5            Lair (0/6) D:10
    Orc (0/2) D:10

Altars:
Elyvilon
Gozag
Uskayaw
Beogh

Shops:
D:5 !   D:7 *   D:8 [   D:10 =

Annotations:
D:6 3 runed translucent doors, Agrostarius's ghost, novice MiBe


Innate Abilities, Weirdness & Mutations

You have a pair of horns on your head.
You reflexively headbutt those who attack you in melee.


Message History

You are too injured to fight recklessly!
You feel a strong urge to attack something.
The electric eel shoots out a bolt of lightning at you!
The bolt of electricity hits you. The bolt of electricity hits you!
You are no longer berserk.
You are exhausted.
You feel yourself slow down.
You feel much better.
The electric eel shoots out a bolt of lightning at you!
The bolt of electricity hits you! The water elemental hits you.
The water elemental engulfs you in water!
You feel much better.
Your lungs strain for air!
The water elemental barely misses you. You furiously retaliate!
You headbutt the water elemental, but do no damage.
The electric eel shoots out a bolt of lightning at you!
The bolt of electricity hits you! The bolt of electricity hits you.
* * * LOW HITPOINT WARNING * * *
Okay, then.
You cannot read scrolls while unable to breathe!
You slip free of the water engulfing you.
You gasp with relief as air once again reaches your lungs.
The water elemental closely misses you.
The electric eel shoots out a bolt of lightning at you!
The bolt of electricity hits the water elemental.
The water elemental resists.
The bolt of electricity hits you!
* * * LOW HITPOINT WARNING * * *
The bolt of electricity hits you!
* * * LOW HITPOINT WARNING * * *
The bolt of electricity hits the water elemental.
The water elemental resists.
Okay, then.
As you read the scroll labelled WAHANOERIV, it crumbles to dust.
Magic quickly surges around you.
It was a scroll of vulnerability.
The water elemental hits you.
The water elemental engulfs you in water!
The electric eel shoots out a bolt of lightning at you!
The bolt of electricity hits the water elemental.
The water elemental resists.
The bolt of electricity hits you.
You die...

##.####......##
..............#
##.####.<....##
#.#....#
#.#....#
#.##.#.#
#......#####
#######)...###.
#@.......
#E.......
≈≈≈≈≈≈≈S≈≈≈≈≈≈≈
≈≈≈≈≈≈≈≈≈≈≈≈≈≈≈
≈≈≈≈≈≈≈≈≈≈≈≈≈≈≈
≈≈≈≈≈≈≈≈≈≈≈≈≈≈≈
≈≈≈≈≈≈≈≈≈≈≈≈≈≈≈
≈≈≈≈≈≈≈≈≈≈≈≈≈≈≈
≈≈≈≈≈≈≈≈≈≈≈≈≈≈≈


You could see a water elemental (wandering) and an electric eel (weak-willed).

Vanquished Creatures
  A hydra (D:12)
  3 centaur warriors
  A two-headed ogre (D:12)
  2 deep elf zephyrmancers (D:9)
  An ugly thing (D:11)
  A tengu conjurer (D:10)
  A troll (D:10)
  Sigmund (D:2)
  2 wraiths
  3 shadows
  5 wyverns
  6 yaks (D:10)
  Grum (D:9)
  2 steam dragons
  3 water moccasins (D:10)
  2 black bears
  A swamp drake (D:9)
  3 orc warriors
  2 necrophages
  3 ogres
  A phantom (D:4)
  2 centaurs
  4 wolves (D:9)
  Blork the orc (D:6)
  A bullfrog (D:8)
  2 kobold brigands
  2 gnoll sergeants
  A wyvern zombie (D:8)
  4 scorpions
  A water moccasin skeleton (D:5)
  A water moccasin zombie (D:6)
  An electric eel (D:12)
  A crimson imp (D:9)
  2 bullfrog zombies (D:6)
  3 centaur zombies
  A gnoll shaman (D:8)
  A jelly (D:5)
  6 orc priests
  2 hounds
  A bullfrog skeleton (D:6)
  3 centaur skeletons
  An iron imp (D:9)
  Jessica (D:2)
  2 iguanas
  Natasha (thrice) (D:2)
  10 orc wizards
  A hound skeleton (D:4)
  16 gnolls
  3 adders
  A shadow imp (D:9)
  2 white imps
  An ufetubus (D:5)
  2 adder skeletons (D:4)
  A worm (D:3)
  A dart slug (D:3)
  44 orcs
  7 ball pythons
  6 endoplasms
  4 giant cockroaches
  9 goblins
  6 hobgoblins
  9 jackals
  18 kobolds
  4 quokkas
  3 bats (D:2)
  3 frilled lizards
  10 rats
253 creatures vanquished.

Vanquished Creatures (collateral kills)
  3 yaks (D:10)
  A scorpion (D:10)
4 creatures vanquished.

Vanquished Creatures (others)
  A centaur (D:9)
  A kobold brigand (D:9)
  A kobold (D:9)
  2 fungi (D:10)
  5 plants (D:10)
10 creatures vanquished.

Grand Total: 267 creatures vanquished

Notes
Turn   | Place    | Note
-------+----------+-------------------------------------------
     0 | D:1      | cbfl8 the Minotaur Berserker began the quest for the Orb.
     0 | D:1      | Reached XP level 1. HP: 19/19 MP: 0/0
   292 | D:1      | Reached XP level 2. HP: 14/27 MP: 1/1
   695 | D:1      | Found a faded altar of an unknown god.
   942 | D:1      | Reached XP level 3. HP: 33/33 MP: 2/2
  1248 | D:2      | Reached ** piety under Trog
  1461 | D:2      | Noticed Natasha
  1473 | D:2      | Killed Natasha
  1474 | D:2      | Reached XP level 4. HP: 40/40 MP: 3/3
  1506 | D:2      | Noticed Jessica
  1516 | D:2      | Killed Jessica
  1517 | D:2      | Reached skill level 5 in Axes
  1633 | D:2      | Noticed Natasha
  1646 | D:2      | Killed Natasha
  1907 | D:2      | Noticed Sigmund
  1927 | D:2      | Killed Sigmund
  1928 | D:2      | Reached skill level 1 in Stealth
  1928 | D:2      | Reached XP level 5. HP: 34/47 MP: 4/4
  1928 | D:2      | Reached XP level 6. HP: 40/55 MP: 5/5
  2266 | D:2      | Noticed Natasha
  2271 | D:2      | Killed Natasha
  2392 | D:3      | Reached skill level 5 in Fighting
  3353 | D:3      | Reached *** piety under Trog
  3693 | D:4      | Reached XP level 7. HP: 61/61 MP: 6/6
  4162 | D:5      | Entered Level 5 of the Dungeon
  4238 | D:5      | Reached skill level 1 in Evocations
  4293 | D:5      | Reached skill level 1 in Polearms
  4293 | D:5      | Reached skill level 5 in Armour
  4745 | D:5      | Reached **** piety under Trog
  4845 | D:5      | Found Xyaq Inlyra's Distillery.
  4850 | D:5      | Bought a potion of heal wounds for 75 gold pieces
  4850 | D:5      | Found a staircase to the Ecumenical Temple.
  4856 | D:5      | Reached XP level 8. HP: 66/70 MP: 7/7
  5215 | D:6      | Found a runed translucent gate.
  5215 | D:6      | Found a runed translucent gate.
  5215 | D:6      | Found a runed translucent gate.
  5215 | D:6      | Noticed Agrostarius's ghost (novice MiBe)
  5216 | D:6      | Noticed a cyclops
  5454 | D:6      | Noticed Blork the orc
  5457 | D:6      | Killed Blork the orc
  5730 | D:7      | Reached skill level 5 in Dodging
  6152 | D:7      | Reached skill level 5 in Polearms
  6154 | D:7      | Reached XP level 9. HP: 78/78 MP: 8/8
  6531 | D:7      | Found Huejulucw's General Store.
  6998 | D:8      | Found Xagap's Armour Boutique.
  7119 | D:8      | Reached ***** piety under Trog
  8621 | D:9      | Noticed Grum
  8632 | D:9      | Killed Grum
  8833 | D:9      | Reached XP level 10. HP: 88/88 MP: 9/9
  8975 | D:9      | Noticed a centaur warrior
  8976 | D:9      | Noticed a centaur warrior
  8986 | D:9      | Killed a centaur warrior
  8992 | D:9      | HP: 4/132 [centaur warrior (12)]
  8993 | D:9      | Killed a centaur warrior
 10227 | D:9      | Noticed a deep elf zephyrmancer
 10234 | D:9      | Killed a deep elf zephyrmancer
 10235 | D:9      | Reached skill level 5 in Stealth
 10236 | D:9      | Identified the +1 hat of Foolhardiness {Harm rC- rN+}
 10240 | D:9      | Noticed a deep elf zephyrmancer
 10248 | D:9      | Killed a deep elf zephyrmancer
 10589 | D:10     | Entered Level 10 of the Dungeon
 10646 | D:10     | Reached skill level 5 in Evocations
 10745 | D:10     | Found a white marble altar of Elyvilon.
 10935 | D:10     | Found Ipy Cau's Jewellery Boutique.
 11139 | D:10     | Found a staircase to the Orcish Mines.
 11603 | D:10     | Reached XP level 11. HP: 97/97 MP: 10/10
 11895 | D:10     | Found a staircase to the Lair.
 11954 | D:10     | Found an opulent altar of Gozag.
 11955 | D:10     | Noticed a centaur warrior
 11964 | D:10     | Killed a centaur warrior
 12097 | D:10     | Found a hide-covered altar of Uskayaw.
 12763 | D:11     | Noticed a green ugly thing
 12778 | D:11     | Killed a green ugly thing
 12806 | D:11     | Reached skill level 10 in Fighting
 13218 | D:12     | Noticed a seven-headed hydra
 13218 | D:12     | Noticed a two-headed ogre
 13225 | D:12     | Killed a seven-headed hydra
 13226 | D:12     | Reached skill level 10 in Axes
 13229 | D:12     | Killed a two-headed ogre
 13242 | D:12     | HP: 4/100 [electric eel/bolt of electricity (10)]
 13243 | D:12     | Killed from afar by an electric eel

Illustrated notes

Levels and vault maps discovered:
D:1:      lightli_arrival_maybe_door_vault, layout_loops_ring,
          ebering_ecumenical_altar_rust, item_on_display_a
D:2:      layout_basic, chequers_garden, uniq_natasha, uniq_sigmund,
          uniq_jessica
D:3:      layout_basic
D:4:      layout_cave_pods
D:5:      layout_loops_ring, minmay_temple_entry_overgrown, serial_shops,
          shop_statue
D:6:      layout_basic, gammafunk_ghost_split, uniq_blork_the_orc
D:7:      layout_basic, serial_shops, nicolae_shop_stone
D:8:      layout_cave_pods, serial_shops, nicolae_shop_hallway_plus
D:9:      layout_small_grid, minivault_20, hangedman_minor_magic, uniq_grum
D:10:     layout_loops_ring, lemuel_doored_altar, minmay_lair_entry_grove,
          minmay_orc_entry_temple_small, serial_shops, nicolae_shop_waterfront,
          hangedman_feature_mirror
D:11:     layout_roguey, grunt_decor_clamped
D:12:     layout_basic, disabler_island

Skill      XL: |  1  2  3  4  5  6  7  8  9 10 11 |
---------------+----------------------------------+-----
Axes           | 4 5 6 7 9 10 | 10.2
Fighting       | 4 5 6 8 9 10 | 10.2
Armour         | 3 4 5 6 7 8 9 |  9.1
Dodging        | 3 4 5 6 7 |  7.8
Stealth        | 1 2 3 4 5 6 |  6.1
Evocations     | 1 3 4 5 |  5.8
Polearms       | 2 5 7 |  7.3

Action                   |  1- 3 |  4- 6 |  7- 9 | 10-12 || total
-------------------------+-------+-------+-------+-------++-------
Melee: Hand axe          |    90 |   112 |       |       ||   202
       Headbutt          |    12 |    18 |    42 |    50 ||   122
       Punch             |       |     1 |     2 |     2 ||     5
       Demon trident     |       |       |   228 |    12 ||   240
       War axe           |       |       |    37 |   105 ||   142
       Battleaxe         |       |       |       |    71 ||    71
Invok: Berserk           |       |     3 |     4 |     7 ||    14
       Trog's Hand       |       |       |       |     1 ||     1
       Brothers in Arms  |       |       |       |     1 ||     1
Evoke: Wand              |       |       |       |     2 ||     2
  Use: Potion            |       |     2 |       |     4 ||     6
       Scroll            |       |     3 |       |     1 ||     4
Armor: Animal skin       |     3 |       |       |       ||     3
       Chain mail        |    43 |    39 |   104 |    99 ||   285
       Plate armour      |       |       |       |     8 ||     8
Dodge: Dodged            |    40 |    48 |   139 |   105 ||   332
